 Dungeon Crawl Stone Soup version 0.16-a0-3761-g2321f2b (console) character file.

9 Monkaria the Chopper (level 2, 0/22 HPs)
             Began as a Human Wanderer on Jan 24, 2015.
             Slain by a giant gecko (1 damage)
             ... on level 1 of the Dungeon.
             The game lasted 00:00:39 (264 turns).

Monkaria the Chopper (Human Wanderer)                Turns: 264, Time: 00:00:39

Health: 0/22       AC:  2    Str: 14    XL:     2   Next: 25%
Magic:  2/2        EV: 11    Int: 11    God:
Gold:   40         SH:  0    Dex: 11    Spells: 0 memorised, 1 level left

rFire  . . .     SeeInvis .     a - +2 hand axe
rCold  . . .     Clarity  .     d - +0 robe
rNeg   . . .     SustAb   .     (no shield)
rPois  .         Gourm    .     (no helmet)
rElec  .         Spirit   .     (no cloak)
rCorr  .         Warding  .     (no gloves)
rMut   .         Stasis   .     (no boots)
MR     .....                    (no amulet)
Stlth  +.........               (no ring)
                                (no ring)

@: not resistant to hostile enchantments, very unstealthy
A: no striking features
a: no special abilities


You were on level 1 of the Dungeon.
You were not hungry.

You visited 1 branch of the dungeon, and saw 1 of its levels.

You collected 40 gold pieces.

Inventory:

Hand weapons
 a - a +2 hand axe (weapon)
 b - a +0 spear
Armour
 d - a +0 robe (worn)
Scrolls
 c - 3 scrolls of teleportation
 g - a scroll of amnesia {unknown}
 i - a scroll of magic mapping {unknown}
Potions
 e - a potion of agility {unknown}
 h - a potion of invisibility {unknown}
Comestibles
 f - a bread ration
 j - a meat ration


   Skills:
 - Level 2.0 Fighting
 * Level 2.1(2.5) Axes
 - Level 2.0(2.4) Polearms
 - Level 2.0 Armour
 - Level 1.0 Dodging
 - Level 1.0 Stealth
   Level 1.0 Evocations


You had one spell level left.
You didn't know any spells.

Dungeon Overview and Level Annotations

Branches:
Dungeon (1/15)

Altars:


Message History

You are too injured to fight recklessly!
You are too injured to fight recklessly!
You are too injured to fight recklessly!
You are too injured to fight recklessly!
You are too injured to fight recklessly!
You are too injured to fight recklessly!
You are too injured to fight recklessly!
You are too injured to fight recklessly!
You are too injured to fight recklessly!
You are too injured to fight recklessly!
You are too injured to fight recklessly!
You are too injured to fight recklessly!
You are too injured to fight recklessly!
You are too injured to fight recklessly!
You are too injured to fight recklessly!
You are too injured to fight recklessly!
Unknown command.
The giant gecko misses you. The giant gecko bites you.
You die...

≈≈≈.≈≈≈≈.......#.....# ≈
.≈≈≈≈.......#.....
≈≈≈≈.......#.####
...........##
.≈≈≈≈≈......#
≈.≈≈≈≈≈......##
≈≈.≈≈≈≈≈.......#
≈≈.≈≈≈≈≈.......##########
...............l@........
#.......####.g##########
#.......###..g.#
#...†...#......#
#.......#...†..######
#.......#...........#
#########...........#
#...........+
#...........#


You could see a giant gecko and a hobgoblin.

Vanquished Creatures
  An ooze (D:1)
  A bat (D:1)
  A giant cockroach (D:1)
  A hobgoblin (D:1)
  A kobold (D:1)
  A ball python (D:1)
  2 rats (D:1)
8 creatures vanquished.

Notes
Turn   | Place    | Note
--------------------------------------------------------------
     0 | D:1      | Monkaria, the Human Wanderer, began the quest for the Orb.
     0 | D:1      | Monkaria set off with: a +2 hand axe, a +0 spear, a scroll of teleportation, a +0 robe, a bread ration
     0 | D:1      | Reached XP level 1. HP: 16/16 MP: 1/1
     2 | D:1      | Noticed a demigod
     4 | D:1      | Noticed a vampire
     4 | D:1      | Noticed an elf
     6 | D:1      | Noticed a human
     6 | D:1      | Noticed a formicid
     8 | D:1      | Noticed a ghoul
     8 | D:1      | Noticed a dwarf
    10 | D:1      | Noticed a felid
    10 | D:1      | Noticed an octopode
    12 | D:1      | Noticed a naga
    12 | D:1      | Noticed a centaur
    14 | D:1      | Noticed an ogre
    14 | D:1      | Noticed a troll
    16 | D:1      | Noticed a tengu
    18 | D:1      | Noticed a vine stalker
    20 | D:1      | Noticed a spriggan
    22 | D:1      | Noticed a gargoyle
    22 | D:1      | Noticed a minotaur
    24 | D:1      | Noticed a merfolk
    26 | D:1      | Noticed a demonspawn
    26 | D:1      | Noticed a draconian
   201 | D:1      | Reached XP level 2. HP: 11/22 MP: 2/2
   254 | D:1      | HP: 1/22 [hobgoblin/club (2)]
   264 | D:1      | Slain by a giant gecko

Action                   || total
-------------------------++-------
Melee: Hand axe          ||    25
